 Dungeon Crawl Stone Soup version 0.30-a0-322-g102857c98e (webtiles) character file.

Game seed: 16623583260358862960

127 lunkers the Cutter (level 5, -14/33 (41) HPs)
             Began as a Meteoran Reaver on Oct 27, 2022.
             Demolished by a gnoll
             ... wielding a +1 whip of electrocution
             ... led by a gnoll sergeant
              (15 damage)
             ... on level 4 of the Dungeon.
             The game lasted 00:03:27 (1079 turns).

lunkers the Cutter (Meteoran Reaver)                Turns: 1079, Time: 00:03:27

HP:   -14/33 (41)   AC:  4    Str: 13    XL:     5   Next: 60%
MP:   0/10          EV: 12    Int: 17    God:
Gold: 115           SH:  0    Dex: 12    Spells: 8/9 levels left

rFire   . . .      SeeInvis .    a - +4 falchion
rCold   + . .      Faith    .    (no shield)
rNeg    . . .      Spirit   .    b - +0 leather armour
rPois   .          Reflect  .    (no helmet)
rElec   .          Harm     .    (no cloak)
rCorr   .          Rampage  .    m - +0 pair of gloves
Will    .....                    (no boots)
Stlth   +.........               (no amulet)
HPRegen 0.25/turn                k - ring of protection from cold
MPRegen 0.12/turn                (no ring)

@: glowing, heavily drained
A: sense surroundings 1, otherworldly, glowing, explore regen
a: no special abilities


You were on level 4 of the Dungeon.
You visited 1 branch of the dungeon, and saw 4 of its levels.

You collected 115 gold pieces.

Inventory:

Hand Weapons
 a - a +4 falchion (weapon)
 c - a +0 short sword
 l - a +0 short sword of holy wrath
Armour
 b - a +0 leather armour (worn)
 f - a +0 pair of gloves
 m - a +0 pair of gloves (worn)
Jewellery
 k - a ring of protection from cold (left hand)
Scrolls
 e - a scroll of blinking {unknown}
 g - a scroll of noise {unknown}
 j - a scroll of magic mapping {unknown}
Potions
 d - a potion of haste
 h - a potion of attraction
 i - a potion of mutation {unknown}


   Skills:
 - Level 2.1 Fighting
 - Level 5.7(5.9) Short Blades
 + Level 2.2(4.6) Long Blades
 - Level 2.4 Dodging
 - Level 2.6 Spellcasting
 - Level 3.6 Conjurations


You had 8 spell levels left.
You knew the following spells:

 Your Spells              Type           Power      Damage    Failure   Level
p - Kiss of Death         Conj/Necr      32%        2d7       11%         1

Your spell library contained the following spells:

 Spells                   Type           Power      Damage    Failure   Level
 Momentum Strike          Conj/Tloc      16%        3d8       17%         2
 Hailstorm                Conj/Ice       8%         3d4       32%         3


Dungeon Overview and Level Annotations

Branches:
Dungeon (4/15) Zot: 1337
 Temple: D:4-7

Altars:
Hepliaklqana


Innate Abilities, Weirdness & Mutations

You passively map a small area around you.
You are easily found by Zot.
You glow in the dark.
You regain HP and MP as you explore.


Message History

d - a potion of haste
As you read the scroll of identify, it crumbles to dust.
h - a potion of attraction
Found a pair of gloves.
No target in view!
No target in view!
No target in view!
g - a scroll labelled QULIKEDISM You see here a +0 pair of gloves.
m - a +0 pair of gloves You start removing your armour.
You continue taking off your +0 pair of gloves. x4
You finish taking off your +0 pair of gloves.
You start putting on your armour.
You continue putting on your +0 pair of gloves. x5
You finish putting on your +0 pair of gloves.
HP restored.
Found a stone staircase leading down.
You open the door.
A gnoll sergeant and 5 gnolls come into view.
The gnoll sergeant is wielding a +2 antimagic spear.
A gnoll is wielding a +1 whip of electrocution.
The gnoll sergeant shouts!
The gnoll shouts! x5
Found a twisted runed staff.
You hit the gnoll.
The gnoll is moderately wounded.
The gnoll hits you with a +1 whip of electrocution.
You hit the gnoll.
The gnoll is almost dead.
The gnoll sergeant hits you from afar with a +2 antimagic spear!
* * * LOW HITPOINT WARNING * * *
You feel your power leaking away. The gnoll barely misses you.
The gnoll sergeant hits you from afar with a +2 antimagic spear!
* * * LOW HITPOINT WARNING * * *
You feel your power leaking away.
* * * LOW MAGIC WARNING * * *
The gnoll hits you with a +1 whip of electrocution!
* * * LOW HITPOINT WARNING * * *
You are electrocuted!
You die...

########
#####......#
#≈≈≈≈.≈≈≈≈.##
#≈##≈@≈##≈..#
*##g###≈#.#
*ggg#≈≈#.### * ~
#.gg#≈≈#.#># ### *
~~#.|.#≈≈....####.#
,, ,
*######≈....#....###
, ~ #≈.........#..
≈≈≈≈............ ,
#########.......


You could see a gnoll sergeant and 5 gnolls.

Vanquished Creatures
  An orc priest (D:3)
  2 orc wizards
  An adder (D:2)
  2 dart slugs
  5 orcs
  4 endoplasms
  A giant cockroach (D:3)
  2 goblins
  2 hobgoblins
  3 jackals (D:2)
  A quokka (D:2)
  4 ball pythons
  2 kobolds
  A rat (D:2)
31 creatures vanquished.

Notes
Turn   | Place    | Note
-------+----------+-------------------------------------------
     0 | D:1      | lunkers the Meteoran Reaver began the quest for the Orb.
     0 | D:1      | Reached XP level 1. HP: 17/17 MP: 5/5
   162 | D:1      | Reached XP level 2. HP: 24/24 MP: 6/6
   226 | D:2      | Reached skill level 4 in Short Blades
   506 | D:2      | Reached XP level 3. HP: 27/29 MP: 8/8
   667 | D:3      | Found a hazy altar of Hepliaklqana.
   721 | D:2      | Reached skill level 5 in Short Blades
   721 | D:2      | Reached XP level 4. HP: 24/34 MP: 7/9
   772 | D:3      | Reached XP level 5. HP: 29/36 MP: 8/10
  1005 | D:3      | Reached skill level 1 in Long Blades
  1077 | D:4      | Noticed a gnoll sergeant
  1079 | D:4      | HP: 1/33 [gnoll/+1 whip of electrocution[a gnoll sergeant]
                  | (8)]
  1079 | D:4      | Demolished by a gnoll

Illustrated notes

Levels and vault maps discovered:
D:1:      dpeg_arrival_rooms_with_view, layout_basic,
          dreamdust_ecumenical_altar_angels_and_demons
D:2:      layout_basic
D:3:      layout_basic, mainiacjoe_overflow_catwalk
D:4:      layout_gridville, lightli_minifort, uniq_grinder

Skill      XL: |  1  2  3  4  5 |
---------------+----------------+-----
Short Blades   | 4 5 |  5.7
Long Blades    | 2 |  2.2
Fighting       | |  2.1
Dodging        | |  2.4
Spellcasting   | |  2.6
Conjurations   | |  3.6

Action                   |  1- 3 |  4- 6 || total
-------------------------+-------+-------++-------
Melee: Short sword       |    95 |    11 ||   106
       Falchion          |       |    28 ||    28
 Cast: Kiss of Death     |     1 |     2 ||     3
  Use: Potion            |     1 |       ||     1
       Scroll            |       |     2 ||     2
Armor: Leather armour    |    28 |     7 ||    35
Dodge: Dodged            |    49 |    10 ||    59

Table legend: (Time is in decaauts)
 A = Elapsed time spent in this place.
 B = Non-inter-level travel time spent in this place.
 C = Inter-level travel time spent in this place.
 D = Time resting spent in this place.
 E = Time spent auto-exploring this place.
 F = Levels seen in this place.
 G = Mean time per level.
                   A        B        C        D        E       F      G
               +--------+--------+--------+--------+--------+-----+--------+
         Total |   1061 |    958 |    103 |      0 |    639 |   4 |  265.2 |
       Dungeon |   1061 |    958 |    103 |      0 |    639 |   4 |  265.2 |
               +--------+--------+--------+--------+--------+-----+--------+

Top non-repeatable levels by time:
     D:2: 506 daAuts
     D:3: 293 daAuts
     D:1: 188 daAuts
     D:4: 72 daAuts
